AoeStats
← fr90.PISCU

Arabia

508523511Analyzed
2v2 RM · 8d ago on Sep 22, 2026· 35m 52s· 4 players
Game mode
Random Map
Map size
Medium (4 player)
Population
200
Speed
Normal
Resources
Standard
Victory
Conquest
Starting age
Dark Age
Ending age
Imperial Age
RankedLock teamsTeams togetherTeam positionsShared explorationLock speedFull tech treeHidden civsTurbo modeCheats
Victory
Defeat
🇦🇷 Gurjaras · Argentina
871
+18
🇮🇹 Saxons · Italy
859
+18
🇨🇴 Britons · Colombia
931
-19
🇨🇴 Franks · Colombia
881
-36
DragónLechero
6:59 Loom
9:23 Feudal Age
9:49 Double-Bit Axe
13:09 Horse Collar
14:02 Fletching
20:55 Castle Age
20:13 Gold Mining
20:46 Padded Archer Armor
21:32 Crossbowman
22:43 Bodkin Arrow
32:49 Imperial Age
32:38 Arson
33:00 Squires
33:56 Wheelbarrow
33:34 Capped Ram
36:36 Hand Cart
fr90.PISCU
8:12 Loom
10:37 Feudal Age
13:24 Double-Bit Axe
15:41 Horse Collar
23:26 Castle Age
21:34 Stone Mining
24:10 Bloodlines
28:04 Wheelbarrow
27:31 Heavy Plow
28:47 Bow Saw
31:59 Husbandry
boris_746
0:38 Loom
12:17 Feudal Age
13:53 Wheelbarrow
22:29 Double-Bit Axe
22:59 Stone Mining
25:00 Gold Mining
28:34 Castle Age
31:48 Hand Cart
sergio_eap1
0:34 Loom
13:18 Feudal Age
14:55 Wheelbarrow
14:13 Double-Bit Axe
19:51 Stone Mining
19:53 Gold Mining
21:10 Arson
25:59 Castle Age
28:22 Squires
27:44 Pikeman
28:09 Gambesons
32:56 Scale Barding Armor
32:55 Padded Archer Armor
32:46 Fletching
33:07 Forging
33:53 Man-at-Arms
Connection lost

Rejoining the realm…

Still unreachable

The connection could not be restored.

Session expired

The server has moved on; the page needs a fresh start.